 Dungeon Crawl Stone Soup version 0.30-a0-165-g1891117ce2 (webtiles) character file.

Game seed: 2164888735044804599

58 qw the Chopper (level 4, -1/28 HPs)
             Began as a Gargoyle Fighter on Sept 28, 2022.
             Slain by a gnoll
             ... wielding a +0 spear
              (2 damage)
             ... on level 2 of the Dungeon.
             The game lasted 00:00:31 (1535 turns).

qw the Chopper (Gargoyle Fighter)                   Turns: 1535, Time: 00:00:31

Health: -1/28      AC: 13    Str: 21    XL:     4   Next: 1%
Magic:  4/4        EV:  7    Int:  9    God:
Gold:   110        SH:  4    Dex:  9    Spells: 3/3 levels left

rFire   . . .      SeeInvis .    Y - +0 war axe
rCold   . . .      Faith    .    c - +0 buckler
rNeg    + . .      Spirit   .    k - +0 chain mail
rPois   inf        Reflect  .    (no helmet)
rElec   +          Harm     .    (no cloak)
rCorr   .          Rampage  .    (no gloves)
Will    .....                    g - +0 pair of boots
Stlth   ..........               (no amulet)
HPRegen 0.09/turn                (no ring)
MPRegen 0.09/turn                (no ring)

@: no status effects
A: sickness immunity, AC +3, negative energy resistance 1, electricity
resistance, torment resistance 1, petrification resistance
a: no special abilities


You were on level 2 of the Dungeon.
You visited 1 branch of the dungeon, and saw 2 of its levels.

You collected 110 gold pieces.


Innate Abilities, Weirdness & Mutations

You are immune to sickness and miasma.
Your stone body is resilient. (AC +3)
You are immune to poison.
You resist negative energy. (rN+)
You are resistant to electric shocks. (rElec)
You are resistant to unholy torment.
You are immune to petrification.


   Skills:
 - Level 3.2 Fighting
 + Level 3.8 Axes
 - Level 3.2 Armour
 - Level 3.2 Shields


You had 3 spell levels left.
You didn't know any spells.
Your spell library was empty.

Inventory:

Hand Weapons
 j - a +0 whip
 Y - a +0 war axe (weapon)
Armour
 c - a +0 buckler (worn)
 f - a +0 cloak
 g - a +0 pair of boots (worn)
 k - a +0 chain mail (worn)
Scrolls
 b - a scroll of torment {unknown}
 e - a scroll of poison {unknown}
Potions
 a - a potion of flight {unknown}
 d - a potion of might
 i - a potion of resistance {unknown}

Dungeon Overview and Level Annotations

Branches:
Dungeon (2/15)

Altars:

Shops:
D:1 :


Message History

The gnoll barely misses you. The gnoll hits you with a +0 spear.
You block the gnoll's attack.
You hit the gnoll but do no damage.
The gnoll is severely wounded.
You barely miss the gnoll. You slash the gnoll!
The gnoll hits you with a +0 spear. The gnoll hits you with a +0 whip.
The gnoll hits you but does no damage. x2; The gnoll hits you with a +0 spear.
The gnoll barely misses you.
You barely miss the gnoll.
The gnoll is severely wounded.
You hit the gnoll. You barely miss the gnoll.
The gnoll hits you but does no damage. The gnoll hits you with a +0 whip.
The gnoll hits you with a +0 club.
You hit the gnoll.
You kill the gnoll!
You hit the gnoll. x2
The gnoll hits you with a +0 club. The gnoll hits you but does no damage.
You barely miss the gnoll.
The gnoll is almost dead.
You barely miss the gnoll.
The gnoll hits you but does no damage. x2; The gnoll hits you with a +0 club.
The gnoll completely misses you.
You slash the gnoll!
You kill the gnoll!
You hit the gnoll but do no damage. The gnoll hits you with a +0 spear.
You have reached level 4!
You feel clever.
You closely miss the gnoll.
The gnoll is severely wounded.
The gnoll barely misses you.
You barely miss the gnoll.
The gnoll is severely wounded.
The gnoll barely misses you. x2
You barely miss the gnoll.
The gnoll is severely wounded.
The gnoll hits you with a +0 spear.
You barely miss the gnoll.
The gnoll is severely wounded.
The gnoll hits you with a +0 spear.
You die...

###############
#.............#
#######.............#
#..$g@..............#
.....<))#.............#
........#.............#
........#######.######
........+..>..#.#
........# #.#...#######
........# #.##.......[#
........# #..%..#####.#
#...<.# #...


You could see a gnoll.

Vanquished Creatures
  2 gnolls (D:2)
  2 worms (D:2)
  3 bats (D:2)
  2 endoplasms (D:1)
  2 giant cockroaches (D:2)
  4 goblins
  3 hobgoblins
  5 kobolds
  A quokka (D:1)
  A frilled lizard (D:1)
  5 rats (D:1)
30 creatures vanquished.

Notes
Turn   | Place    | Note
-------+----------+-------------------------------------------
     0 | D:1      | qw the Gargoyle Fighter began the quest for the Orb.
     0 | D:1      | Reached XP level 1. HP: 14/14 MP: 1/1
     0 | D:1      | 0 ||| qw: Version: 0.2-a-12-gaebbb33
     0 | D:1      | 0 ||| qw: Game counter: 767
     0 | D:1      | 0 ||| qw: Always use a shield: true
     0 | D:1      | 0 ||| qw: God list: Okawaru
     0 | D:1      | 0 ||| qw: Allow faded altars: false
     0 | D:1      | 0 ||| qw: Do Orc after D:15 true
     0 | D:1      | 0 ||| qw: Do second Lair branch before Depths: true
     0 | D:1      | 0 ||| qw: Lair rune preference: random
     0 | D:1      | 0 ||| qw: Plans: Normal, Zot:1-4, God:TSO, Crypt, Tomb,
                  | Pan, Slime:5, Hells, Abyss, Orb
     0 | D:1      | 0 ||| PLANNING D:1-11
   293 | D:1      | 293 ||| Stepping ~*~*~tactically~*~*~ (stealth).
   299 | D:1      | Reached XP level 2. HP: 15/19 MP: 2/2
   381 | D:1      | 381 ||| Stepping ~*~*~tactically~*~*~ (stealth).
   407 | D:1      | Found Oticihi's Book Shop.
   576 | D:1      | 576 ||| DROPPING +0 club.
   785 | D:1      | 785 ||| UPGRADING to +0 pair of boots.
   790 | D:1      | 790 ||| UPGRADING to +0 chain mail.
   800 | D:1      | 800 ||| DROPPING +0 scale mail.
   801 | D:1      | 801 ||| READING scroll labelled TOT JIETIDUIRARCH.
   802 | D:1      | 802 ||| READING 3 scrolls labelled TUAKHL EJIOVVI.
   803 | D:1      | 803 ||| READING scroll labelled HADAIT UFIWOCU.
   804 | D:1      | 804 ||| DROPPING 2 scrolls of blinking.
   855 | D:2      | Reached skill level 3 in Axes
   855 | D:2      | Reached XP level 3. HP: 23/23 MP: 3/3
   923 | D:2      | 923 ||| FLEEEEING.
   924 | D:2      | 924 ||| FLEEEEING.
   925 | D:2      | 925 ||| FLEEEEING.
   926 | D:2      | 926 ||| FLEEEEING.
   927 | D:2      | 927 ||| FLEEEEING.
   928 | D:2      | 928 ||| FLEEEEING.
   982 | D:2      | HP: 4/23 [worm (7)]
  1519 | D:2      | 1519 ||| Stepping ~*~*~tactically~*~*~ (hiding).
  1529 | D:2      | HP: 5/23 [gnoll/+0 club (4)]
  1532 | D:2      | Reached XP level 4. HP: 3/28 MP: 4/4
  1534 | D:2      | HP: 1/28 [gnoll/+0 spear (3)]
  1535 | D:2      | Slain by a gnoll

Levels and vault maps discovered:
D:1:      evilmike_arrival_plus, layout_loops_cross, serial_shops,
          nicolae_shop_competitors_out_of_business
D:2:      layout_basic

Skill      XL: |  1  2 |
---------------+-------+-----
Axes           | 2 3 |  3.8
Fighting       | |  3.2
Armour         | |  3.2
Shields        | |  3.2

Action                   |  1- 3 |  4- 6 || total
-------------------------+-------+-------++-------
Melee: War axe           |    95 |     4 ||    99
  Use: Scroll            |     3 |       ||     3
Armor: Scale mail        |    17 |       ||    17
       Chain mail        |    28 |       ||    28
Dodge: Dodged            |    43 |     3 ||    46
Block: Buckler           |    18 |       ||    18

Table legend:
 A = Non-vault XP
 B = Vault XP
 C = Vault XP percentage of total XP
 D = Non-vault monster count
 E = Vault monster count
 F = Vault count percentage of total count
                 A         B        C        D         E       F
            +---------+---------+-------+---------+---------+-------
      Total |      83 |       0 |   0.0 |      30 |       0 |   0.0
            +---------+---------+-------+---------+---------+-------
        D:1 |      29 |       0 |   0.0 |      18 |       0 |   0.0
        D:2 |      54 |       0 |   0.0 |      12 |       0 |   0.0
            +---------+---------+-------+---------+---------+-------
